Map: Sanctuary III LE

Players

SepeSusi - Winner!

  • Race: Zerg Zerg
  • League: Master

chill

  • Race: Zerg Zerg
  • League: Diamond

VOD

Have the link to the VOD?

Description

Time

  • Played on: Sept. 7, 2026, 9:52 a.m.
  • Length: 5:47
Show
View Real Time Build Order
Export as new Build Order

SepeSusi Zerg - Winner!

Build Orders: Hatch First 

Get SALT Encoding   

  8  0:00  Drone  
  9  0:10  Drone  
  10  0:16  Drone  
  11  0:28  Overlord  
  11  0:33  Drone  
  12  0:46  Drone  
  12  0:47  Drone  
  14  0:50  Drone  
  15  1:11  Hatchery  
  15  1:15  Drone  
  15  1:18  Drone  
  16  1:22  Drone  
  17  1:36  Spawning Pool  
  16  1:40  Drone  
  16  1:42  Extractor  
  16  1:45  Drone  
  17  1:49  Drone  
  18  1:59  Drone  
  19  2:11  Overlord  
  19  2:23  Queen x2  
  19  2:25  Drone  
  19  2:29  Drone  
  25  2:33  Zergling x2  
  25  2:35  Drone  
  27  2:40  Drone  
  27  2:43  Metabolic Boost  
  28  2:47  Drone  
  28  2:50  Drone  
  30  2:56  Drone  
  31  3:01  Overlord  
  31  3:04  Drone  
  32  3:08  Baneling Nest  
  32  3:09  Drone  
  32  3:24  Hatchery  
  31  3:27  Drone x2  
  31  3:31  Drone  
  31  3:33  Drone x2  
  35  3:37  Overlord  
  35  3:41  Drone  
  36  3:42  Drone  
  36  3:45  Zergling x2  
  36  3:46  Zergling x2  
  39  3:48  Zergling x2  
  40  3:58  Zergling x6  
  43  4:04  Overlord  
  43  4:05  Drone x4  
  43  4:07  Drone  
  48  4:14  Evolution Chamber  
  48  4:15  Drone  
  48  4:21  Overlord  
  48  4:23  Zergling x2  
  49  4:24  Drone  
  49  4:27  Baneling  
  49  4:28  Baneling  
  49  4:29  Zergling x2  
  51  4:31  Zergling x2  
  51  4:33  Zergling x6  
  51  4:34  Zergling x2  
  51  4:36  Zergling x6  
  58  4:43  Baneling x2  
  58  4:46  Zergling x2  
  58  4:47  Zergling x6  
  58  4:48  Baneling  
  58  4:49  Baneling  
  62  4:57  Zergling x4  
  62  4:58  Zergling x2  
  61  5:02  Zergling x2  
  58  5:07  Queen  
  58  5:08  Zergling x10  
  58  5:11  Baneling x2  
  58  5:13  Zergling x6  
  66  5:18  Overlord  
  66  5:19  Zergling x4  
  66  5:25  Overlord  
  66  5:28  Roach Warren  
  65  5:29  Baneling x2  
  65  5:31  Drone  
Show
View Real Time Build Order
Export as new Build Order

chill Zerg 

Build Orders: Hatch First 

Get SALT Encoding   

  8  0:00  Drone  
  9  0:11  Drone  
  10  0:16  Drone  
  11  0:28  Overlord  
  11  0:33  Drone  
  12  0:46  Drone x2  
  14  0:51  Drone  
  15  1:14  Hatchery  
  15  1:18  Drone  
  15  1:19  Drone  
  15  1:25  Drone  
  17  1:39  Spawning Pool  
  16  1:41  Drone  
  16  1:45  Extractor  
  16  1:46  Drone  
  17  1:50  Drone  
  18  2:00  Drone  
  19  2:10  Drone  
  20  2:16  Evolution Chamber  
  20  2:20  Overlord  
  19  2:31  Queen x2  
  19  2:34  Drone  
  24  2:38  Drone  
  24  2:40  Drone  
  24  2:43  Drone  
  27  2:50  Zerg Ground Armor Level 1  
  27  2:53  Drone  
  27  2:57  Drone  
  29  3:02  Overlord  
  29  3:04  Drone  
  30  3:07  Drone  
  31  3:14  Overlord  
  31  3:16  Drone  
  32  3:26  Drone x2  
  34  3:31  Metabolic Boost  
  34  3:42  Drone x2  
  34  3:43  Drone  
  37  3:48  Hatchery  
  37  3:51  Zergling x8  
  37  3:52  Zergling x2  
  37  3:54  Zergling x2  
  42  3:58  Overlord  
  42  4:07  Zergling x2  
  42  4:08  Zergling x2  
  44  4:13  Overlord  
  44  4:15  Zergling x8  
  44  4:16  Zergling x4  
  50  4:25  Zergling x2  
  50  4:27  Zergling x2  
  52  4:34  Zergling x2  
  53  4:39  Queen  
  53  4:41  Zergling x2  
  53  4:45  Zergling x4  
  57  4:46  Zergling x8  
  58  5:01  Zergling x10  
  53  5:08  Overlord  
  53  5:13  Zergling x4  
  47  5:28  Drone x4  
  50  5:33  Extractor  
  50  5:34  Extractor  
Tags
 
Add a new tag
Caveats
  • Supply blocks, unpowered buildings, or Contaminate may cause inaccurate times.
  • Supply counts are checked every 10 seconds.